 Dungeon Crawl Stone Soup version 0.32-a0-898-g7811c86cf0 (webtiles) character file.

Game seed: 13193492544699081010

26763 runemasterragnar the Prestidigitator (level 13, -5/101 HPs)
             Began as a Coglin Hunter on Apr 5, 2024.
             Was the Champion of Okawaru.
             Slain by a cane toad (11 damage)
             ... on level 1 of the Lair of Beasts.
             The game lasted 00:25:29 (14036 turns).

runemasterragnar the Prestidigitator (CoHu)        Turns: 14036, Time: 00:25:29

Health: -5/101     AC:  6    Str: 11    XL:     13   Next: 28%
Magic:  18/18      EV: 17    Int: 11    God:    Okawaru [******]
Gold:   749        SH:  0    Dex: 21    Spells: 16/18 levels left

rFire   . . .        m - +6 hand cannon (heavy) {Caihong}
rCold   . . .        a - +2 sling {Guillermo}
rNeg    . . .        i - +0 toga "Victory" {*Victory Clar}
rPois   .            q - +0 helmet
rElec   .            y - +1 cloak
rCorr   .            k - +0 pair of gloves
SInv    .            (no boots)
Will    .....        (amulet unavailable)
Stlth   ++++         (ring unavailable)
HPRegen 0.36/turn    (ring unavailable)
MPRegen 0.16/turn    (no gizmo)

%: clarity
@: revved
A: off-hand wielding, slow wielding, warmup strikes, no jewellery
a: Invent Gizmo, Renounce Religion, Heroism, Finesse, Duel, Receive Armour


You were on level 1 of the Lair of Beasts.
You worshipped Okawaru.
Okawaru was exalted by your worship.
You visited 3 branches of the dungeon, and saw 14 of its levels.
You also visited: Bailey and Ice Cave.

You collected 749 gold pieces.

Inventory:

Hand Weapons
 a - a +2 sling (offhand) {Guillermo}
 d - a +0 sling {Bo}
 m - a +6 heavy hand cannon (weapon) {Caihong}
Missiles
 g - 33 poisoned darts
Armour
 c - a +0 leather armour
 i - the +0 toga "Victory" (worn) {*Victory Clar}
   (You found it on level 5 of the Dungeon)

   *Victory:  When the wearer kills a threatening monster, it has a chance to
   gain +1 AC, +1 Slay, and +1 Int, capping at +7.
   When the wearer uses a scroll or a potion with a hostile monster in sight,
   its bonuses reset to +0.
   Unequipping it also resets its bonuses to +0.
   Clar:      It protects you from confusion, rage, mesmerisation and fear.
 k - a +0 pair of gloves (worn)
 q - a +0 helmet (worn)
 y - a +1 cloak (worn)
Talismans
 A - a storm talisman
Wands
 r - a wand of mindburst (1)
 u - a wand of digging (2)
 v - a wand of light (4)
 G - a wand of flame (14)
Scrolls
 b - 3 scrolls of butterflies
 h - a scroll of enchant armour
 j - 2 scrolls of teleportation
 n - 2 scrolls of immolation {unknown}
 t - a scroll of silence
 C - 4 scrolls of vulnerability {unknown}
 D - 2 scrolls of fear {unknown}
 E - a scroll of amnesia
Potions
 e - 4 potions of mutation
 f - a potion of magic
 l - 2 potions of might
 p - 2 potions of attraction
 s - 4 potions of enlightenment
 w - 2 potions of berserk rage
 x - 4 potions of invisibility {unknown}
 z - 3 potions of heal wounds {unknown}
 B - 3 potions of haste {unknown}
 F - a potion of degeneration {unknown}
 H - a potion of brilliance {unknown}


   Skills:
 + Level 9.1 Fighting
 + Level 9.6 Ranged Weapons
 + Level 8.3 Dodging
 + Level 8.2 Stealth
 - Level 3.4 Spellcasting
 - Level 6.1 Translocations
 + Level 6.3 Invocations
 + Level 10.0 Evocations


You had 16 spell levels left.
You knew the following spells:

 Your Spells              Type           Power      Damage    Failure   Level
a - Blink                 Tloc           30%        N/A       3%          2

Your spell library contained the following spells:

 Spells                   Type           Power      Damage    Failure   Level
 Lesser Beckoning         Tloc           30%        N/A       3%          2
 Maxwell's Portable Pile  Tloc           15%        2d(6-18)  6%          3
 Teleport Other           Tloc           15%        N/A       6%          3
 Momentum Strike          Conj/Tloc      16%        3d8       11%         2
 Passage of Golubria      Tloc           15%        N/A       21%         4
 Kiss of Death            Conj/Necr      4%         2d5       26%         1
 Ensorcelled Hibernation  Hex/Ice        2%         N/A       36%         2
 Jinxbite                 Hex            2%         N/A       36%         2
 Confusing Touch          Hex            1%         N/A       58%         3
 Frozen Ramparts          Ice            2%         1d1       58%         3
 Ozocubu's Armour         Ice            1%         N/A       58%         3
 Passwall                 Erth           1%         N/A       58%         3
 Swiftness                Air            1%         N/A       58%         3
 Dispel Undead            Necr           1%         3d6       94%         4
 Metabolic Englaciation   Hex/Ice        0%         N/A       100%        5
 Yara's Violent Unravell  Hex/Alch       0%         3d3       100%        5
 Enfeeble                 Hex            0%         N/A       100%        7
 Tukima's Dance           Hex            Unusable   N/A       N/A         3

Dungeon Overview and Level Annotations

Branches:
Dungeon (12/15)            Temple (1/1) D:4            Lair (1/5) D:8
    Orc (0/2) D:9          Bailey (visited)           IceCv (visited)

Altars:
Ashenzari
Cheibriados
Dithmenos
Elyvilon
Fedhas
Gozag
Hepliaklqana
Kikubaaqudgha
Makhleb
Nemelex Xobeh
Okawaru
Qazlal
Ru
Sif Muna
Trog
Uskayaw
Vehumet
Wu Jian
Xom
Yredelemnul
Zin
The Shining One

Shops:
D:9 *

Annotations:
D:6 1 runed translucent door, Crazy Yiuf
D:11 3 runed translucent doors, 2 transporters, TheSexyCheese's ghost, journeyman DsFE


Innate Abilities, Weirdness & Mutations

You can wield a second weapon in your off-hand.
It takes a long time for you to wield or remove held weapons.
Your first few attacks do less damage.
You cannot equip rings or amulets.


Message History

Fire: m) +6 hand cannon (heavy) {Caihong}
Press: ? - help, Q - select action, (/) - cycle Shift-Dir - straight line, f - cane toad
Aim: a cane toad (77% to hit)
You shoot a sling bullet. The sling bullet hits the cane toad.
The cane toad is lightly wounded.
You shoot a slug. The slug closely misses the cane toad.
Unknown command.
Fire: m) +6 hand cannon (heavy) {Caihong}
Press: ? - help, Q - select action, (/) - cycle Shift-Dir - straight line, f/p - cane toad
Aim: a cane toad (lightly wounded, 77% to hit)
You shoot a slug. The slug hits the cane toad!
The cane toad is moderately wounded.
You shoot a sling bullet. The sling bullet hits the cane toad.
The cane toad is heavily wounded.
You hear a trumpeting!
Unknown command.
Fire: m) +6 hand cannon (heavy) {Caihong}
Press: ? - help, Q - select action, (/) - cycle Shift-Dir - straight line, f/p - cane toad
Aim: a cane toad (moderately wounded, 77% to hit)
You shoot a sling bullet. The sling bullet hits the cane toad.
The cane toad is heavily wounded.
You shoot a slug. The slug barely misses the cane toad.
You hear a trumpeting!
The cane toad closely misses you.
An elephant comes into view.
Unknown command.
Fire: m) +6 hand cannon (heavy) {Caihong}
Press: ? - help, Q - select action, (/) - cycle Shift-Dir - straight line, f/p - cane toad
Aim: a cane toad (heavily wounded, 77% to hit)
You shoot a sling bullet.
The sling bullet barely misses the cane toad.
The elephant trumpets!
The sling bullet hits the elephant but does no damage.
You shoot a slug. The slug hits the cane toad.
The cane toad is heavily wounded.
You hear a trumpeting!
The cane toad stings you!!
* * * LOW HITPOINT WARNING * * *
The cane toad stings you!
You die...

.. #...................... ..
#...................... ♣.
#...................... ♣♣~
#...................... ♣~~##
##......................
~~..######.......................
...Y.............................
♣♣Y.†...........°☼...............
♣........Y....F@................
♣.#.#####.....○°................
....# ##......................
...### #...........†..........
..F #....#######...###.##.. #..
#....# ##..## ####.. # #....#
#...# ##.. ......# ##..# #P..
##.##... #...#######..


You could see an elephant and a cane toad.

Vanquished Creatures
  Erolcha (D:10)
  A catoblepas (Lair:1)
  3 two-headed ogres
  A death yak (D:8)
  Lodul (D:10)
  3 cyclopes (D:12)
  2 ugly things
  An elephant (Lair:1)
  5 cane toads (Lair:1)
  A gargoyle (D:12)
  A kobold demonologist (D:9)
  Maggie (D:6)
  4 komodo dragons
  4 ice devils
  4 trolls
  A polar bear (Lair:1)
  A hornet (D:8)
  3 blink frogs (Lair:1)
  Sigmund (D:6)
  2 shadows
  44 yaks
  2 wyverns
  A basilisk (D:8)
  A warg (D:9)
  5 humans (Bailey)
  A steam dragon (D:9)
  An acid dragon (D:10)
  5 water moccasins
  3 orc warriors
  A black bear (D:6)
  2 ice beasts (D:5)
  12 ogres
  6 wolves (Lair:1)
  2 centaurs
  3 kobold brigands
  15 bullfrogs
  A weeping skull (D:7)
  A gnoll sergeant (D:5)
  3 scorpions
  A two-headed ogre simulacrum (IceCv)
  13 killer bees
  3 howler monkeys (D:12)
  3 bombardier beetles
  4 hounds
  6 orc priests
  A gnoll bouda (D:6)
  3 jellies (D:4)
  3 iguanas
  A sleepcap (D:7)
  10 orc wizards
  A polar bear simulacrum (IceCv)
  2 troll simulacra (IceCv)
  Robin (D:3)
  6 adders
  22 gnolls
  2 shadow imps
  2 white imps (D:6)
  An ufetubus (IceCv)
  4 ribbon worms
  4 dart slugs
  39 orcs
  12 ball pythons
  6 bats
  5 endoplasms
  3 giant cockroaches
  30 goblins
  7 hobgoblins
  3 jackals (D:2)
  3 quokkas
  2 frilled lizards
  14 kobolds
  5 rats (D:1)
  A spectral orc (D:7)
373 creatures vanquished.

Notes
Turn   | Place    | Note
-------+----------+-------------------------------------------
     0 | D:1      | runemasterragnar the Coglin Hunter began the quest for the
                  | Orb.
     0 | D:1      | Reached XP level 1. HP: 16/16 MP: 1/1
   270 | D:1      | Reached skill level 1 in Stealth
   270 | D:1      | Reached XP level 2. HP: 22/22 MP: 2/2
   387 | D:1      | Reached XP level 3. HP: 27/27 MP: 3/3
   961 | D:2      | Reached XP level 4. HP: 27/34 MP: 4/4
  1629 | D:3      | Found a snail-covered altar of Cheibriados.
  1644 | D:3      | Reached XP level 5. HP: 39/39 MP: 5/5
  1690 | D:3      | Noticed Robin
  1698 | D:3      | Killed Robin
  1969 | D:3      | Identified the +0 mace of Mens Rea {flame, Fly rF+ Will+}
  2054 | D:3      | Reached XP level 6. HP: 44/47 MP: 6/6
  2124 | D:3      | Reached skill level 5 in Ranged Weapons
  2368 | D:4      | Found a staircase to the Ecumenical Temple.
  2387 | Temple   | Entered the Ecumenical Temple
  2512 | D:4      | Found a stormy altar of Qazlal.
  2829 | D:4      | Reached XP level 7. HP: 53/53 MP: 7/7
  2959 | D:5      | Entered Level 5 of the Dungeon
  2959 | D:5      | Found an iron altar of Okawaru.
  2960 | D:5      | Found a runed translucent door.
  3382 | D:5      | Found the +0 toga "Victory" {*Victory Clar}
  3384 | D:5      | Became a worshipper of Warmaster Okawaru
  3538 | D:5      | Found a sparkling altar of Nemelex Xobeh.
  3622 | D:5      | Reached XP level 8. HP: 55/60 MP: 8/8
  3669 | D:5      | Learned a level 2 spell: Blink
  3798 | D:6      | Noticed Sigmund
  3847 | D:6      | Reached * piety under Okawaru
  3848 | D:6      | Reached skill level 1 in Translocations
  3899 | D:6      | Reached skill level 1 in Evocations
  4036 | D:6      | Killed Sigmund
  4136 | D:6      | Noticed a yak
  4136 | D:6      | Noticed a yak
  4225 | D:7      | Reached skill level 1 in Spellcasting
  4225 | D:7      | Reached skill level 1 in Invocations
  4316 | D:7      | Found a flagged portal.
  4320 | D:7      | Reached skill level 2 in Evocations
  4339 | Bailey   | Entered a bailey
  4395 | Bailey   | Reached ** piety under Okawaru
  4404 | Bailey   | Reached XP level 9. HP: 50/67 MP: 7/11
  4421 | Bailey   | Reached skill level 5 in Fighting
  4688 | Bailey   | Reached skill level 3 in Evocations
  4929 | Bailey   | Noticed a vault guard
  5117 | D:7      | Identified the +4 quarterstaff "Dragon's Tongue" {drain,
                  | Str+3 SInv}
  5449 | D:7      | Identified the +3 short sword of Diet Blood {spect, rC+
                  | Stlth+}
  5639 | D:7      | Found a basalt altar of Yredelemnul.
  5862 | D:8      | Reached skill level 4 in Evocations
  6065 | D:8      | Reached skill level 5 in Dodging
  6068 | D:8      | Reached *** piety under Okawaru
  6340 | D:8      | Found a staircase to the Lair.
  6340 | D:8      | Noticed a komodo dragon
  6372 | D:8      | Reached XP level 10. HP: 75/75 MP: 10/13
  6460 | D:8      | Noticed a death yak
  6461 | D:8      | Noticed a death yak
  6605 | D:6      | Found a runed translucent door.
  6606 | D:6      | Noticed Crazy Yiuf
  6825 | D:5      | Reached skill level 5 in Translocations
  6831 | D:5      | Reached skill level 5 in Stealth
  7611 | D:6      | Noticed Maggie
  7639 | D:6      | Reached skill level 5 in Evocations
  7641 | D:6      | Killed Maggie
  8671 | D:9      | Reached **** piety under Okawaru
  8714 | D:9      | Found Zin's Purification Station.
  8715 | D:9      | Found a glowing silver altar of Zin.
  9368 | D:9      | Noticed a kobold demonologist
  9373 | D:9      | Noticed a soul eater
  9377 | D:9      | Killed a kobold demonologist
  9491 | D:9      | Found a staircase to the Orcish Mines.
  9507 | D:9      | Noticed a two-headed ogre
  9520 | D:9      | Killed a two-headed ogre
  9521 | D:9      | Reached skill level 6 in Evocations
  9521 | D:9      | Reached XP level 11. HP: 83/83 MP: 14/16
  9907 | D:9      | Reached ***** piety under Okawaru
  9920 | D:9      | Found an ancient bone altar of Kikubaaqudgha.
  9962 | D:10     | Entered Level 10 of the Dungeon
  9962 | D:10     | Noticed a tengu warrior
 10210 | D:10     | Noticed a two-headed ogre
 10217 | D:10     | Killed a two-headed ogre
 10480 | D:10     | Noticed Erolcha
 10490 | D:10     | Killed Erolcha
 10541 | D:10     | Reached skill level 7 in Evocations
 10818 | D:10     | Noticed Lodul
 10838 | D:10     | Killed Lodul
 10840 | D:10     | Received a gift from Okawaru
 10948 | D:10     | Found a shimmering blue altar of Sif Muna.
 11131 | D:11     | Noticed a white ugly thing
 11140 | D:11     | Killed a white ugly thing
 11141 | D:11     | Reached XP level 12. HP: 91/91 MP: 14/17
 11278 | D:11     | Noticed a two-headed ogre
 11290 | D:11     | Killed a two-headed ogre
 11291 | D:11     | Reached skill level 5 in Invocations
 11291 | D:11     | Reached skill level 8 in Evocations
 11337 | D:11     | Found a runed translucent gate.
 11338 | D:11     | Found a runed translucent gate.
 11339 | D:11     | Found a runed translucent gate.
 11341 | D:11     | Noticed TheSexyCheese's ghost (journeyman DsFE)
 11465 | D:11     | Received a gift from Okawaru
 11523 | D:11     | Found a transporter.
 11523 | D:11     | Found a transporter.
 11523 | D:11     | Noticed a boulder beetle
 11523 | D:11     | Noticed a boulder beetle
 12047 | D:12     | Found a frozen archway.
 12078 | IceCv    | Entered an ice cave
 12836 | D:12     | Received a gift from Okawaru
 12837 | D:12     | Reached skill level 9 in Evocations
 12986 | D:8      | Paralysed by a hornet for 1 turns
 13070 | D:8      | Killed a death yak
 13560 | Lair:1   | Entered Level 1 of the Lair of Beasts
 13592 | Lair:1   | Reached XP level 13. HP: 99/99 MP: 18/18
 13648 | Lair:1   | Identified the +8 falchion of Wewurat {heavy, Str+6}
 13701 | Lair:1   | Reached ****** piety under Okawaru
 13703 | Lair:1   | Acquired a +6 heavy hand cannon
 13703 | Lair:1   | Received a gift from Okawaru
 13798 | Lair:1   | Received a gift from Okawaru
 14016 | Lair:1   | Reached skill level 10 in Evocations
 14036 | Lair:1   | Slain by a cane toad

Illustrated notes

Levels and vault maps discovered:
D:1:      minmay_arrival_widening_spiral_narrow, layout_basic, minmay_quantized
D:2:      layout_loops_ring, roderic_serpentine_path
D:3:      layout_basic, lemuel_tele_altar, nicolae_houndstooth_variations,
          uniq_robin
D:4:      layout_cave_pools, grunt_qazlal_clouds,
          minmay_temple_entry_mini_moons, kennysheep_generic_room_2
D:5:      minmay_inner_zag, layout_loops_cross, marbit_many_paths,
          nicolae_overflow_guarded_unrand_okawaru_victory
D:6:      layout_basic, lemuel_flame_loot_1, uniq_sigmund,
          uniq_crazy_yiuf_cottage, uniq_maggie
D:7:      layout_basic, yredelemnul_forgotten_temple_becter, enter_bailey_5
D:8:      layout_loops_ring, dpeg_lair_monsters, kennysheep_small_spiral
D:9:      layout_roguey, zin_purify, kiku_gazebo_pond_becter, erik_orc_3,
          minmay_diced_spiral
D:10:     cheibrodos_elevator_heist, layout_loops_ring, led_sif_pool,
          grunt_ministairs_14, grunt_decor_cap, st_stairs_14, uniq_grum,
          uniq_erolcha, uniq_lodul
D:11:     gammafunk_boulding_lane, layout_loops_ring,
          gammafunk_ghost_nasty_kobolds
D:12:     layout_irregular_city, portal_ice_cave_demonic_guard,
          grunt_ministairs_9
Temple:   compressed_dpeg_circular_temple
Lair:1:   layout_chaotic_city, gauntlet_entry_generic,
          chequers_serial_rivers_room_a, guppyfry_lair_drakes,
          serial_bayou_shore_b

Skill      XL: |  1  2  3  4  5  6  7  8  9 10 11 12 13 |
---------------+----------------------------------------+-----
Stealth        | 1 2 3 4 5 6 7 8 |  8.2
Dodging        | 2 3 4 5 6 7 8 |  8.3
Ranged Weapons | 4 5 6 7 8 9 |  9.6
Fighting       | 3 4 5 6 7 8 9 |  9.1
Translocations | 2 4 6 |  6.1
Evocations     | 2 4 6 7 9 10 | 10.0
Spellcasting   | 1 2 3 |  3.4
Invocations    | 1 2 3 4 6 |  6.3

Action                     |  1- 3 |  4- 6 |  7- 9 | 10-12 | 13-15 || total
---------------------------+-------+-------+-------+-------+-------++-------
  Melee: Sling             |       |     6 |       |       |       ||     6
   Fire: Sling             |   134 |   340 |   576 |  1446 |    73 ||  2569
         Hand cannon       |       |       |       |       |    39 ||    39
   Cast: Blink             |       |       |       |     4 |     1 ||     5
 Invoke: Heroism           |       |       |     6 |     8 |       ||    14
         Finesse           |       |       |       |     1 |       ||     1
         Receive Weapon    |       |       |       |       |     1 ||     1
  Evoke: Wand              |       |       |     3 |    16 |     2 ||    21
    Use: Scroll            |       |     4 |     3 |     6 |     1 ||    14
         Potion            |       |       |       |     7 |     1 ||     8
 Armour: Leather armour    |     6 |    25 |    89 |    17 |       ||   137
         Robe              |       |       |       |   142 |    21 ||   163
         Skin              |       |       |       |    28 |       ||    28
  Dodge: Dodged            |    12 |    35 |   124 |   197 |    34 ||   402

Table legend: (Time is in decaauts)
 A = Elapsed time spent in this place.
 B = Non-inter-level travel time spent in this place.
 C = Inter-level travel time spent in this place.
 D = Time resting spent in this place.
 E = Time spent auto-exploring this place.
 F = Levels seen in this place.
 G = Mean time per level.
                   A        B        C        D        E       F      G
               +--------+--------+--------+--------+--------+-----+--------+
         Total |  14102 |  13362 |    740 |   1918 |   8624 |  16 |  881.4 |
       Dungeon |  12619 |  11909 |    710 |   1294 |   8227 |  12 | 1051.6 |
        Temple |     71 |     41 |     30 |      0 |      0 |   1 |   71.0 |
          Lair |    494 |    494 |      0 |      0 |    344 |   1 |  494.0 |
        Bailey |    637 |    637 |      0 |    406 |     52 |   1 |  637.0 |
      Ice Cave |    278 |    278 |      0 |    217 |      0 |   1 |  278.0 |
               +--------+--------+--------+--------+--------+-----+--------+

Top non-repeatable levels by time:
     D:9: 1679 daAuts
     D:5: 1470 daAuts
     D:6: 1349 daAuts
     D:8: 1344 daAuts
     D:7: 1227 daAuts
    D:10: 1042 daAuts
    D:11: 960 daAuts
     D:1: 872 daAuts
     D:2: 779 daAuts
     D:3: 706 daAuts
  Bailey: 637 daAuts
    D:12: 603 daAuts
     D:4: 581 daAuts
  Lair:1: 494 daAuts
   IceCv: 278 daAuts
